 Dungeon Crawl Stone Soup version 0.15.2 (webtiles) character file.

1539 magipi the Basher (level 8, -18/58 HPs)
             Began as a Mummy Berserker on Apr 10, 2017.
             Was an Elder of Trog.
             Demolished by glosham's ghost (24 damage)
             ... on Level 6 of the Dungeon.
             The game lasted 00:16:55 (5174 turns).

magipi the Basher (Mummy Berserker)                 Turns: 5174, Time: 00:16:55

HP -18/58        AC  9     Str 20      XL: 8   Next: 56%
MP   8/8         EV  7     Int  6      God: Trog [****..]
Gold 263         SH  0     Dex 13      Spells:  0 memorised,  7 levels left

rFire  x . .     SeeInvis .     e - +2 whip (flame)
rCold  + . .     Clarity  .     d - +0 chain mail
rNeg   + + +     rCorr    .     (no shield)
rPois  +         rRot     +     f - +0 helmet
rElec  .         Spirit   .     (no cloak)
SustAb .         Warding  +     (no gloves)
rMut   .         Stasis   .     (no boots)
Gourm  .                        c - amulet of warding
MR     +....                    (no ring)
                                n - ring of flight

@: glowing, somewhat resistant to hostile enchantments, extremely unstealthy
A: no food or potions, fire vulnerability, restore body, cold resistance 1,
negative energy resistance 3, poison resistance, torment resistance, unbreathing
a: Burn Spellbooks, Trog's Hand, Brothers in Arms, Renounce Religion, Evoke
Flight


You were on level 6 of the Dungeon.
You worshipped Trog.
Trog was greatly pleased with you.
You were not hungry.

You visited 1 branch of the dungeon, and saw 6 of its levels.

You collected 263 gold pieces.

Inventory:

Hand weapons
 a - a +0 mace
 b - a +0 flail
 e - a +2 whip of flaming (weapon)
Missiles
 j - 7 tomahawks (quivered)
Armour
 d - a +0 chain mail (worn)
 f - a +0 helmet (worn)
Magical devices
 g - a wand of confusion (11)
 i - a wand of magic darts (23)
 m - a wand of slowing (9)
 r - a wand of random effects (14)
Scrolls
 h - a scroll of recharging
 k - 2 scrolls of teleportation
 l - 2 scrolls of immolation
 o - a scroll of enchant armour {unknown}
 p - 2 scrolls of identify
Jewellery
 c - an amulet of warding (around neck)
 n - a ring of flight (left hand)
 s - a +4 ring of strength {unknown}
Books
 q - a book of Death

   Spells                             Type                      Level
   Corpse Rot                         Necromancy                   2
   Sublimation of Blood               Necromancy                   2
   Agony                              Necromancy                   5
   Dispel Undead                      Necromancy                   5
   Excruciating Wounds                Charms/Necromancy            5
   Bolt of Draining                   Conjuration/Necromancy       5
   Trog disapproves of the use of such an item.


   Skills:
 - Level 3.0 Fighting
 + Level 9.4 Maces & Flails
 - Level 1.5 Armour
 - Level 1.5 Dodging


You had 7 spell levels left.
You didn't know any spells.

Dungeon Overview and Level Annotations

Branches:
Dungeon (6/15)
 Temple: D:4-7

Altars:
Cheibriados
Dithmenos
Nemelex Xobeh
Sif Muna
Trog

Annotations:
D:3 Sigmund, Terence
D:6 glosham's ghost, experienced OgAM


Innate Abilities, Weirdness & Mutations

You do not eat or drink.
Your flesh is vulnerable to fire.
Your flesh is cold resistant.
You are immune to negative energy.
Your system is resistant to poisons.
You are immune to unholy pain and torment.
You can survive without breathing.

Vault maps used:
D:1:      dpeg_arrival_more_subterranean_lakeside_camping
D:2:      nicolae_dithmenos_through_a_glass_darkly, nemelex_deck, first_bread,
          item_on_display_a
D:3:      overflow_temple_1_default, led_sif_pool, st_stairs_13, uniq_grinder,
          uniq_sigmund, uniq_terence
D:4:      lemuel_tele_altar
D:5:      tgw_trog, lemuel_round_altar, uniq_pikel
D:6:      kennysheep_generic_room_8, uniq_natasha


Message History

You see here the felid corpse of Natasha.
You offer a prayer to Trog.
The felid corpse of Natasha is consumed in a column of flame.
Trog is greatly pleased with you.
You feel yourself speed up.
HP restored.
Found a stone staircase leading down.
Found a viscous blue potion.
k - a scroll of teleportation You see here a viscous blue potion.
o - a scroll labeled DICHUXTO LUVA
p - 2 scrolls of identify
Found an ichor-stained spear.
Found a stone staircase leading down.
Found a scroll of teleportation.
k - 2 scrolls of teleportation (gained 1)
Found a dagger.
Found 16 stones.
Found a chain mail.
Unknown command.
Found a stone staircase leading up.
There is a stone staircase leading up here.
You climb upwards.
There is a stone staircase leading down here.
You climb downwards.
Level annotation: glosham's ghost, experienced OgAM
There is a stone staircase leading up here.
Found a club.
Found a paperback book.
A giant frog skeleton comes into view.
Found a brass wand.
The giant frog skeleton hits you.
The giant frog skeleton hits you but does no damage.
You hit the giant frog skeleton. You burn the giant frog skeleton.
The giant frog skeleton hits you but does no damage.
You hit the giant frog skeleton. You burn the giant frog skeleton.
You hit the giant frog skeleton. You burn the giant frog skeleton.
The giant frog skeleton hits you but does no damage.
You whack the giant frog skeleton! You burn the giant frog skeleton.
The giant frog skeleton hits you but does no damage.
You hit the giant frog skeleton. You burn the giant frog skeleton.
The giant frog skeleton hits you but does no damage.
You hit the giant frog skeleton. You burn the giant frog skeleton.
You destroy the giant frog skeleton!
You see here a paperback book.
q - a book of Death
r - a brass wand HP restored.
Found a war axe.
You see here a war axe.
p - 3 scrolls of identify (gained 1) Read which item? (? for menu, Esc to quit)
Identify which item? (\ to view known items) (? for menu, Esc to quit)
As you read the scroll of identify, it crumbles to dust.
r - a wand of random effects (14)
Found a leather armour.
Found 7 gold pieces.
You see here a leather armour.
You now have 263 gold pieces (gained 7).
Natasha, Servant of Life and Death comes into view.
Natasha hisses angrily.
Natasha casts a spell at you. The magic dart hits you!
Found a granite ring.
Natasha mumbles some strange words.
You start resting.
The white imp shouts!
You hit Natasha. You burn Natasha.
Natasha is severely wounded.
Natasha zaps a wand.
You feel yourself slow down.
You closely miss Natasha.
Natasha is severely wounded.
Natasha casts a spell at you. The magic dart hits you!
You whack Natasha! You burn Natasha.
You kill Natasha!
Trog accepts your kill.
Trog appreciates your killing of a magic user.
Natasha screams in fury as she dies!
The white imp disappears in a puff of smoke!
Your chain mail prevents you from hitting glosham's ghost.
Glosham's ghost casts a spell at you. You resist.
Glosham's ghost gestures at you while chanting.
You resist. Glosham's ghost hits you!!
Glosham's ghost gestures at you while chanting.
You are outlined in light.
Glosham's ghost stares at you. Glosham's ghost hits you!
You feel yourself speed up.
You see here a granite ring.
Unknown command.
s - a granite ring Glosham's ghost hits you!
* * * LOW HITPOINT WARNING * * *
Glosham's ghost hits you but does no damage.
There is a stone staircase leading up here.
Glosham's ghost hits you!!
You die...

#
#.......#......###.#
#.####'######.##.#
#.#.#..# # #.##.#
#.....## #. #.##.# #
###.###
#.##.##.###.# #.#
#...........# #.#
###.#.#.###.#
#W#######.###..# ..
#.##@W...## ##.# #
#.#...###.# ..#
#......# #.# #.#
###....# #.##.#
##.#.# .##.# #.#.# #
. #.#.# #.#.. #.##


You could see glosham's ghost.

Table legend:
 A = Kills in this place as a percentage of kills in entire the game.
 B = Kills by you in this place as a percentage of kills by you in the entire game.
 C = Kills by friends in this place as a percentage of kills by friends in the entire game.
 D = Other kills in this place as a percentage of other kills in the entire game.
 E = Experience gained in this place as a percentage of experience gained in the entire game.
 F = Experience gained in this place divided by the number of levels of this place that you have seen.
                   A       B       C       D       E      F
               +-------+-------+-------+-------+-------+----------------------
         Total | 100.0 | 100.0 |  -nan |  -nan | 100.0 | 366.5
       Dungeon | 100.0 | 100.0 |  -nan |  -nan | 100.0 | 366.5
               +-------+-------+-------+-------+-------+----------------------

Vanquished Creatures
  Pikel (D:5)
  Grinder (D:3)
  A centaur (D:5)
  A slave (D:5)
  An ogre (D:5)
  2 orc wizards (D:5)
  A scorpion (D:6)
  A crimson imp (D:5)
  A giant frog skeleton (D:6)
  2 hounds (D:4)
  An iguana (D:4)
  Natasha (twice) (D:6)
  3 orc priests
  4 worker ants
  2 shadow imps
  5 adders
  A giant mite (D:1)
  3 worms (D:5)
  A giant gecko (D:1)
  7 orcs
  A ball python (D:2)
  8 bats
  7 giant cockroaches
  8 hobgoblins
  12 jackals
  8 kobolds
  A quokka (D:4)
  3 giant newts (D:2)
  A giant newt zombie (D:5)
  5 goblins
  18 rats
113 creatures vanquished.

Vanquished Creatures (others)
  2 slaves (D:5)
  A crimson imp (D:5)
  An orc (D:5)
4 creatures vanquished.

Grand Total: 117 creatures vanquished

Notes
Turn   | Place    | Note
--------------------------------------------------------------
     0 | D:1      | magipi, the Mummy Berserker, began the quest for the Orb.
     0 | D:1      | Reached XP level 1. HP: 18/18 MP: 1/1
   198 | D:1      | Reached XP level 2. HP: 24/24 MP: 2/2
   559 | D:1      | Acquired Trog's second power
   936 | D:2      | Reached XP level 3. HP: 29/29 MP: 3/3
  1287 | D:2      | Reached skill level 4 in Maces & Flails
  1288 | D:2      | Reached XP level 4. HP: 24/35 MP: 4/4
  1586 | D:2      | Found a sparkling altar of Nemelex Xobeh.
  1658 | D:2      | Found a shadowy altar of Dithmenos.
  1883 | D:3      | Noticed Grinder
  1916 | D:3      | Paralysed by Grinder for 7 turns
  1933 | D:3      | Killed Grinder
  1933 | D:3      | Reached skill level 5 in Maces & Flails
  1933 | D:3      | Reached XP level 5. HP: 11/41 MP: 5/5
  1933 | D:3      | Reached XP level 6. HP: 12/47 MP: 6/6
  2060 | D:3      | Noticed Terence
  2087 | D:3      | Noticed Sigmund
  2268 | D:3      | Reached skill level 6 in Maces & Flails
  2613 | D:4      | Found a deep blue altar of Sif Muna.
  3018 | D:4      | Reached XP level 7. HP: 42/52 MP: 7/7
  3138 | D:4      | Acquired Trog's third power
  3182 | D:5      | Entered Level 5 of the Dungeon
  3318 | D:5      | Noticed Pikel
  3363 | D:5      | Killed Pikel
  3363 | D:5      | Reached skill level 8 in Maces & Flails
  3363 | D:5      | Reached XP level 8. HP: 27/58 MP: 8/8
  3546 | D:5      | Found a snail-covered altar of Cheibriados.
  3628 | D:5      | Noticed a moth of wrath
  3629 | D:5      | Found a bloodstained altar of Trog.
  4531 | D:5      | Reached skill level 9 in Maces & Flails
  4582 | D:6      | Noticed glosham's ghost (experienced OgAM)
  4917 | D:6      | Noticed Natasha
  4938 | D:6      | Killed Natasha
  5144 | D:6      | Noticed Natasha
  5153 | D:6      | Killed Natasha
  5174 | D:6      | Demolished by glosham's ghost

Action                   |  1- 3 |  4- 6 |  7- 9 || total
-------------------------+-------+-------+-------++-------
Melee: Mace              |   116 |   171 |       ||   287
       Flail             |       |    16 |    74 ||    90
       Whip              |       |       |   173 ||   173
Throw: Tomahawk          |       |       |     4 ||     4
Invok: Trog's Hand       |       |     2 |       ||     2
Evoke: Wand              |       |       |     5 ||     5
  Use: Scroll            |       |       |     9 ||     9

Action                   |  1- 3 |  4- 6 |  7- 9 || total
-------------------------+-------+-------+-------++-------
Melee: Mace              |   116 |   171 |       ||   287
       Flail             |       |    16 |    74 ||    90
       Whip              |       |       |   173 ||   173
Throw: Tomahawk          |       |       |     4 ||     4
Invok: Trog's Hand       |       |     2 |       ||     2
Evoke: Wand              |       |       |     5 ||     5
  Use: Scroll            |       |       |     9 ||     9
